 Dungeon Crawl Stone Soup version 0.30-a0-465-g8901f6c8b5 (webtiles) character file.

Game seed: 7719792411142963253

45 Bnni the Grave Robber (level 3, -2/26 HPs)
             Began as a Demonspawn Necromancer on Dec 18, 2022.
             Slain by an orc
             ... wielding a +0 whip
              (3 damage)
             ... on level 3 of the Dungeon.
             The game lasted 00:03:43 (1446 turns).

Bnni the Grave Robber (Demonspawn Necromancer)      Turns: 1446, Time: 00:03:44

Health: -2/26      AC:  4    Str:  8    XL:     3   Next: 42%
Magic:  3/6        EV: 17    Int: 18    God:
Gold:   143        SH:  0    Dex: 13    Spells: 2/6 levels left

rFire   . . .      SeeInvis .    f - +0 spear
rCold   . . .      Faith    .    (no shield)
rNeg    . . .      Spirit   .    a - +0 robe
rPois   .          Reflect  .    (no helmet)
rElec   .          Harm     .    (no cloak)
rCorr   .          Rampage  .    c - +0 pair of gloves
Will    .....                    e - +0 pair of boots
Stlth   ++........               (no amulet)
HPRegen 0.24/turn                (no ring)
MPRegen 0.10/turn                (no ring)

@: agile
A: powered by death 1, powered by pain 1
a: no special abilities


You were on level 3 of the Dungeon.
You visited 1 branch of the dungeon, and saw 3 of its levels.

You collected 143 gold pieces.

Inventory:

Hand Weapons
 f - a +0 spear (weapon)
 g - a +0 dagger
Armour
 a - a +0 robe (worn)
 c - a +0 pair of gloves (worn)
 d - a +0 buckler
 e - a +0 pair of boots (worn)
 h - a +0 leather armour of willpower
Scrolls
 k - a scroll of poison {unknown}
 m - 2 scrolls of teleportation {unknown}
 n - a scroll of enchant weapon {unknown}
 o - 2 scrolls of identify {unknown}
 p - a scroll of fear {unknown}
Potions
 b - a potion of magic
 i - a potion of cancellation {unknown}
 j - 4 potions of curing {unknown}
 l - 2 potions of degeneration {unknown}
 q - 2 potions of might {unknown}
 r - 2 potions of attraction {unknown}


   Skills:
 + Level 1.2 Fighting
 - Level 1.7 Dodging
 - Level 1.7 Stealth
 + Level 0.9 Shields
 + Level 2.4 Spellcasting
 * Level 5.0 Necromancy


You had 2 spell levels left.
You knew the following spells:

 Your Spells              Type           Power      Damage    Failure   Level
a - Necrotise             Necr           80%        1d8       2%          1
c - Vampiric Draining     Necr           20%        2d7       7%          3

Your spell library contained the following spells:

 Spells                   Type           Power      Damage    Failure   Level
 Magic Dart               Conj           8%         1d3       17%         1
 Searing Ray              Conj           4%         2d4       26%         2
 Animate Dead             Necr           20%        N/A       22%         4
 Agony                    Necr           20%        N/A       52%         5
 Fulminant Prism          Conj/Hex       1%         3d5       86%         4


Dungeon Overview and Level Annotations

Branches:
Dungeon (3/15)

Altars:

Shops:
D:1 *(*


Innate Abilities, Weirdness & Mutations

You regenerate a little health from kills.
You sometimes gain a little power by taking damage.


Message History

The orc wizard hits your bat skeleton with a +0 dagger.
The orc hits your bat skeleton with a +0 hand axe.
Your bat skeleton is destroyed!
You bump into the rock wall.
The orc wizard barely misses you. The orc barely misses you.
You're too confused to move!
The orc wizard hits you with a +0 dagger.
The orc hits you but does no damage.
You bump into the rock wall.
You feel less confused. The orc wizard barely misses you.
Casting: Necrotise (safe; 2% risk of failure)
Confirm with . or Enter, or press ? or * to list all spells.
The spell is quite dangerous to miscast (7% risk of failure)!
Continue anyway?
Okay, then.
You closely miss the orc wizard.
The orc wizard points at you and mumbles some strange words.
The puff of flame hits you!
You focus on the pain.
You feel agile all of a sudden. The orc hits you with a +0 hand axe.
The orc completely misses you.
You hit the orc wizard.
The orc wizard is lightly wounded.
The orc completely misses you.
The orc wizard hits you with a +0 dagger.
The orc hits you with a +0 hand axe. The orc closely misses you.
The orc hits you with a +0 hand axe.
* * * LOW HITPOINT WARNING * * *
Casting: Vampiric Draining (quite dangerous; 7% risk of failure)
Confirm with . or Enter, or press ? or * to list all spells.
The spell is quite dangerous to miscast (7% risk of failure)!
Continue anyway?
Aiming: Vampiric Draining (quite dangerous; 7% risk of failure)
Press: ? - help, Shift-Dir - straight line, f - orc
Aim: an orc, wielding a +0 hand axe You draw life force from the orc.
You feel life coursing into your body. The orc hits you but does no damage.
The orc misses you. The orc hits you with a +0 hand axe.
* * * LOW HITPOINT WARNING * * *
The orc attacks as you move away! The orc hits you but does no damage.
The orc attacks as you move away! The orc hits you with a +0 whip.
You die...

........# #......#
........# ########
........# ........#
######## ......†.#
#......# ........###
#......#
..........###......#
...)....#..........#
##.......>..@o.....#
...###...####o.....#
##. ##... #?o....# #
#.### #o.....# #.#
.......# #..
.......# ##
#...##### #...#
###.#


You could see an orc wizard and 3 orcs.

Vanquished Creatures
  A worm (D:2)
  2 dart slugs
  3 ball pythons
  4 bats
  3 endoplasms (D:1)
  4 goblins
  3 hobgoblins (D:2)
  3 quokkas
  4 frilled lizards (D:1)
  3 kobolds (D:1)
  4 rats
34 creatures vanquished.

Vanquished Creatures (collateral kills)
  An endoplasm (D:1)
1 creature vanquished.

Vanquished Creatures (others)
  2 plants (D:1)
2 creatures vanquished.

Grand Total: 37 creatures vanquished

Notes
Turn   | Place    | Note
-------+----------+-------------------------------------------
     0 | D:1      | Bnni the Demonspawn Necromancer began the quest for the
                  | Orb.
     0 | D:1      | Reached XP level 1. HP: 13/13 MP: 3/3
   206 | D:1      | Found Lidyph's Assorted Antiques.
   210 | D:1      | Gained mutation: You sometimes gain a little power by
                  | taking damage. [demonic ancestry]
   210 | D:1      | Reached XP level 2. HP: 20/20 MP: 5/5
   239 | D:1      | Found Otyck's Weapon Shoppe.
   309 | D:1      | Found Yzeh's Assorted Antiques.
   943 | D:2      | Reached skill level 1 in Fighting
  1052 | D:2      | Gained mutation: You regenerate a little health from kills.
                  | [demonic ancestry]
  1052 | D:2      | Reached XP level 3. HP: 22/26 MP: 4/6
  1056 | D:2      | Learned a level 3 spell: Vampiric Draining
  1379 | D:3      | Reached skill level 5 in Necromancy
  1444 | D:3      | HP: 1/26 [orc/+0 hand axe (6)]
  1446 | D:3      | Slain by an orc

Illustrated notes

Levels and vault maps discovered:
D:1:      beargit_arrival_greenhouse, layout_basic, serial_shops,
          nicolae_square_shop, nicolae_lakefront_shop, shop, serial_bayou_lake_a
D:2:      layout_rooms
D:3:      layout_rooms, serial_shops, nicolae_shop_behind_doors

Skill      XL: |  1  2  3 |
---------------+----------+-----
Fighting       | 1 |  1.2
Necromancy     | 5 |  5.0
Dodging        | |  1.7
Stealth        | |  1.7
Shields        | |  0.9
Spellcasting   | |  2.4

Action                   || total
-------------------------++-------
Melee: Spear             ||   122
       Unarmed           ||     3
       Punch             ||     2
 Cast: Necrotise         ||    20
       Vampiric Draining ||     2
 Stab: Sleeping          ||     7
Armor: Robe              ||    27
Dodge: Dodged            ||    62

Table legend: (Time is in decaauts)
 A = Elapsed time spent in this place.
 B = Non-inter-level travel time spent in this place.
 C = Inter-level travel time spent in this place.
 D = Time resting spent in this place.
 E = Time spent auto-exploring this place.
 F = Levels seen in this place.
 G = Mean time per level.
                   A        B        C        D        E       F      G
               +--------+--------+--------+--------+--------+-----+--------+
         Total |   1492 |   1427 |     65 |     17 |   1047 |   3 |  497.3 |
       Dungeon |   1492 |   1427 |     65 |     17 |   1047 |   3 |  497.3 |
               +--------+--------+--------+--------+--------+-----+--------+

Top non-repeatable levels by time:
     D:1: 890 daAuts
     D:2: 522 daAuts
     D:3: 79 daAuts
